 Dungeon Crawl Stone Soup version 0.21.1 (webtiles) character file.

80914 Zhenya24pyc the Basher (level 15, 0/100 HPs)
             Began as a Gargoyle Fighter on Feb 2, 2018.
             Was the Champion of Okawaru.
             Slain by a lorocyproca (12 damage)
             ... on level 6 of the Lair of Beasts.
             The game lasted 01:02:00 (23526 turns).

Zhenya24pyc the Basher (Gargoyle Fighter)          Turns: 23526, Time: 01:02:00

Health: 0/100      AC: 38    Str: 30    XL:     15   Next: 68%
Magic:  0/21       EV: 19    Int: 21    God:    Okawaru [******]
Gold:   1794       SH: 23    Dex: 15    Spells: 14/14 levels left

rFire    + + +     SeeInvis .   M - +6 mace "Hakhunif" {protect, rF+ Dex+2}
rCold    . . .     Gourm    .   V - +2 large shield
rNeg     + . .     Faith    .   B - +1 ring mail of Purpose {MR+ Str+6 Int+3}
rPois    ∞         Spirit   .   y - +2 helmet {Int+3}
rElec    +         Reflect  .   c - +1 cloak {rC+}
rCorr    .         Harm     .   O - +2 pair of gloves {Str+3}
MR       ++...                  (no boots)
Stlth    ++........             T - amulet of regeneration
HPRegen  0.66/turn              p - ring "Qoghoev" {Fire Str-5 Int+6 Dex+4}
MPRegen  0.17/turn              F - ring of protection from fire

@: heroism, protection aura, flying
A: big wings, negative energy resistance 1, electricity resistance, unbreathing,
petrification resistance, rot immunity, AC +11
a: Stop Flying, Heroism, Finesse, Renounce Religion


You were on level 6 of the Lair of Beasts.
You worshipped Okawaru.
Okawaru was exalted by your worship.
You were not hungry.

You visited 5 branches of the dungeon, and saw 24 of its levels.
You also visited: Ice Cave.

You collected 1794 gold pieces.

Inventory:

Hand Weapons
 G - the +2 whip "Waidest" {flame, rPois rF+ rN++ Dex+2}
   (You found it on level 8 of the Dungeon)

   It has been specially enchanted to burn those struck by it, causing extra
   injury to most foes and up to half again as much damage against particularly
   susceptible opponents.
   It affects your dexterity (+2).
   It protects you from fire.
   It protects you from poison.
   It greatly protects you from negative energy.
 M - the +6 mace "Hakhunif" (weapon) {protect, rF+ Dex+2}
   (You found it on level 10 of the Dungeon)

   It protects the one who uses it against injury (+AC on strike).
   It affects your dexterity (+2).
   It protects you from fire.
Armour
 c - a +1 cloak of cold resistance (worn)
 y - a +2 helmet of intelligence (worn)
 B - the +1 ring mail of Purpose (worn) {MR+ Str+6 Int+3}
   (Okawaru gifted it to you on level 2 of the Orcish Mines)

   It affects your strength (+6).
   It affects your intelligence (+3).
   It affects your resistance to hostile enchantments.
 D - the +3 ring mail of the Spider Nest {Dex+4}
   (You found it on level 6 of the Dungeon)

   It affects your dexterity (+4).
 O - a +2 pair of gloves of strength (worn)
 Q - a +1 crystal plate armour of cold resistance
 V - a +2 large shield (worn)
Jewellery
 g - an uncursed ring of resist corrosion {unknown}
 p - the ring "Qoghoev" (left hand) {Fire Str-5 Int+6 Dex+4}
   (You found it on level 8 of the Dungeon)

   [ring of fire]

   It enhances your fire magic.
   It affects your strength (-5).
   It affects your intelligence (+6).
   It affects your dexterity (+4).
   It protects you from fire.
   It makes you vulnerable to cold.
 C - a +5 ring of evasion
 F - a ring of protection from fire (right hand)
 J - a +4 amulet of reflection
 T - an amulet of regeneration (around neck)
Wands
 t - a wand of scattershot (17)
 u - a wand of polymorph (26)
 x - a wand of clouds (10)
 H - a wand of paralysis (16)
 I - a wand of enslavement (22)
 L - a wand of flame (33)
 N - a wand of iceblast (14)
 P - a wand of disintegration (8)
 R - a wand of acid (8)
Scrolls
 a - 3 scrolls of remove curse
 b - 5 scrolls of magic mapping
 h - 11 scrolls of teleportation
 i - 4 scrolls of blinking
 j - 3 scrolls of fear
 m - 9 scrolls of identify
 n - 4 scrolls of immolation
 q - a scroll of enchant weapon
 w - 2 scrolls of torment {unknown}
 A - a scroll of enchant armour
 K - 3 scrolls of fog
Potions
 d - 3 potions of might
 e - 11 potions of curing
 k - 2 potions of invisibility
 l - 6 potions of brilliance
 o - 2 potions of ambrosia
 r - 2 potions of haste
 s - 2 potions of berserk rage
 v - 4 potions of heal wounds
 z - 4 potions of magic
 E - a potion of agility
Comestibles
 f - 45 rations


   Skills:
 + Level 14.2(19.2) Fighting
 + Level 14.5(19.5) Maces & Flails
 + Level 12.7(17.7) Armour
 + Level 9.2(14.2) Dodging
 + Level 8.6(13.6) Shields
 - Level 8.3 Invocations
 + Level 4.2 Evocations


You had 14 spell levels left.
You didn't know any spells.

Dungeon Overview and Level Annotations

Branches:
Dungeon (14/15)            Temple (1/1) D:6            Lair (6/6) D:8
 Shoals (0/4) Lair:4       Spider (0/4) Lair:2        Slime (0/5) Lair:5
    Orc (2/2) D:10            Elf (0/3) Orc:2        Vaults (0/5) D:14
   Hell (1/1)
    Dis: Hell:1         Geh: Hell:1         Coc: Hell:1         Tar: Hell:1

Altars:
Ashenzari
Cheibriados
Dithmenos
Elyvilon
Fedhas
Gozag
Hepliaklqana
Kikubaaqudgha
Makhleb
Nemelex Xobeh
Okawaru
Qazlal
Ru
Sif Muna
Trog
Uskayaw
Vehumet
Wu Jian
Xom
Yredelemnul
Zin
The Shining One
Jiyva

Shops:
D:6 :   D:7 [   D:9 *   D:10 %   Orc:2 =([*

Portals:
Hell: Lair:6

Annotations:
D:11 exclusion: obsidian statue
Hell Geryon


Innate Abilities, Weirdness & Mutations

You are resistant to torment.
Your stone body is resilient. (AC +11)
You are immune to poison.
Your large and strong wings let you fly indefinitely.
You resist negative energy. (rN+)
You are resistant to electric shocks. (rElec)
You can survive without breathing.
You are immune to petrification.
You are immune to rotting.


Message History

You block something's attack.
You see here a hell hog corpse.
You hit something. You barely miss something.
Something hits you but does no damage.
You thump something! You block something's attack.
You hit something but do no damage. You block something's attack.
You miss something. Something hits you but does no damage.
You miss something. You closely miss something. Something hits you!
* * * LOW HITPOINT WARNING * * *
You feel your power leaking away.
You hit something. Something hits you.
* * * LOW HITPOINT WARNING * * *
You closely miss something. Something barely misses you.
You sock something! You miss something. Something hits you!
* * * LOW HITPOINT WARNING * * *
You feel your power leaking away.
You closely miss something. Something hits you!
You die...

♣....♣ ♣♣
#########''######
#≈#.............#######
#≈#....8....8...#).....
#≈#.............'...8.8
#≈###############..8.#.
#§§§§≈§≈........#...8.#
#≈§≈§≈{.........#.)#.8.
#§≈≈≈∩@...._....'...#.8
#≈≈§§≈≈...§)....#..8.8.
#§≈§§≈§≈§≈≈.....#......
#≈§≈≈≈≈≈§≈≈≈≈##########
#§≈§≈§≈§≈≈≈≈≈§≈≈§≈≈#
####################


There were no monsters in sight!

Vanquished Creatures
  An orc warlord (Orc:1)
  A vault guard (D:14)
  5 hydras
  Erica (D:8)
  2 catoblepae (Lair:6)
  2 centaur warriors (D:13)
  5 death yaks (Lair:6)
  4 two-headed ogres
  A hell hog (Lair:6)
  5 orc high priests (Orc:2)
  Sonja (Lair:2)
  Nergalle (D:10)
  A sun demon (Lair:6)
  The ghost of p0werm0de the Blocker, a novice OpEn of Wu Jian (Lair:2)
  2 unseen horrors
  A wizard (Lair:6)
  Pikel (D:6)
  A lindwurm (Lair:6)
  3 orc knights
  A wolf spider (Lair:2)
  9 ugly things
  2 orc sorcerers (Orc:2)
  A cyclops (Orc:2)
  A manticore (D:12)
  7 elephants (Lair:6)
  An elephant (shapeshifter) (D:14)
  5 black mambas
  2 ice statues (IceCv)
  A gargoyle (D:12)
  A smoke demon (Lair:6)
  3 molten gargoyles (D:13)
  2 orange demons (Lair:6)
  A torpor snail (Lair:6)
  7 spiny frogs
  6 komodo dragons
  10 rime drakes
  A freezing wraith (D:14)
  6 trolls
  A tengu conjurer (D:14)
  2 red devils (Lair:6)
  9 ice devils
  A polar bear (Lair:4)
  3 jumping spiders (Lair:2)
  4 hornets
  15 blink frogs
  12 hippogriffs
  6 dream sheep (Lair:6)
  3 slime creatures (D:13)
  Sigmund (D:4)
  A shadow (D:12)
  4 wyverns
  40 yaks
  2 wraiths (D:14)
  2 steam dragons
  5 hungry ghosts
  2 basilisks
  8 vampire mosquitoes (D:13)
  A warg (Orc:2)
  5 hell hounds (Lair:6)
  A soldier ant (D:12)
  12 porcupines
  15 water moccasins
  17 orc warriors
  8 ice beasts
  6 sky beasts
  A slave (D:6)
  6 necrophages
  An eye of draining (D:10)
  A boggart (D:14)
  5 phantoms
  10 ogres
  11 wolves
  4 centaurs
  10 crocodiles
  17 bullfrogs
  4 big kobolds
  A wyvern zombie (D:7)
  A water moccasin zombie (D:6)
  3 scorpions
  10 killer bees (D:10)
  6 howler monkeys
  4 jellies
  4 spriggan skeletons (D:12)
  2 lava snakes (D:13)
  12 crimson imps
  A bullfrog zombie (D:7)
  14 hounds
  4 centaur zombies
  9 orc priests
  Crazy Yiuf (D:4)
  3 bullfrog skeletons
  8 centaur skeletons
  Natasha (thrice) (D:4)
  5 iguanas
  10 orc wizards
  6 worker ants
  A hound skeleton (D:10)
  4 worker ant zombies
  Robin (D:4)
  16 adders
  15 gnolls
  8 river rats (D:5)
  8 shadow imps
  17 white imps
  10 ufetubi (IceCv)
  2 oozes
  2 adder zombies
  An adder skeleton (D:6)
  3 worms
  A dart slug (D:1)
  7 leopard geckos
  44 orcs
  9 bats
  7 giant cockroaches
  20 goblins
  13 hobgoblins
  16 jackals
  7 quokkas
  3 ball pythons
  6 frilled lizards
  A jackal skeleton (D:5)
  21 kobolds
  19 rats
  A bush (D:7)
  A plant (D:7)
733 creatures vanquished.

Vanquished Creatures (others)
  A reaper (IceCv)
  A molten gargoyle (D:13)
  2 worker ants
  3 white imps (IceCv)
  3 ufetubi (IceCv)
  20 fungi
  11 plants
41 creatures vanquished.

Grand Total: 774 creatures vanquished

Notes
Turn   | Place    | Note
-------+----------+-------------------------------------------
     0 | D:1      | Zhenya24pyc the Gargoyle Fighter began the quest for the Orb.
     0 | D:1      | Reached XP level 1. HP: 14/14 MP: 1/1
     6 | D:1      | Noticed a black mamba
     6 | D:1      | Noticed a lindwurm
     6 | D:1      | Noticed a black bear
     7 | D:1      | Noticed a wyvern
    63 | D:1      | Reached XP level 2. HP: 17/19 MP: 2/2
   403 | D:1      | Reached XP level 3. HP: 20/24 MP: 3/3
   829 | D:2      | Found a shadowy altar of Dithmenos.
   952 | D:2      | Found a burning altar of Makhleb.
  1175 | D:2      | Reached XP level 4. HP: 29/29 MP: 4/4
  1569 | D:3      | Found a snail-covered altar of Cheibriados.
  1731 | D:3      | Reached XP level 5. HP: 23/34 MP: 5/5
  2327 | D:4      | Noticed Robin
  2386 | D:3      | Reached skill level 5 in Maces & Flails
  2403 | D:4      | Killed Robin
  2450 | D:4      | Noticed an ogre
  2457 | D:4      | Killed an ogre
  2457 | D:4      | Reached skill level 5 in Fighting
  2457 | D:4      | Reached XP level 6. HP: 20/40 MP: 6/6
  2545 | D:4      | Found a glowing golden altar of the Shining One.
  2640 | D:4      | Found a runed door.
  2864 | D:4      | Noticed Sigmund
  2874 | D:4      | Reached XP level 7. HP: 39/44 MP: 7/7
  2889 | D:4      | Killed Sigmund
  2889 | D:4      | Reached skill level 1 in Dodging
  2977 | D:4      | Reached XP level 8. HP: 23/51 MP: 8/8
  3337 | D:4      | Noticed Natasha
  3359 | D:4      | Killed Natasha
  3697 | D:4      | You fall through a shaft for 3 floors!
  3932 | D:7      | Found Juusiff's Armour Emporium.
  4076 | D:7      | Found a blossoming altar of Fedhas.
  4340 | D:6      | Reached XP level 9. HP: 56/57 MP: 9/9
  4341 | D:6      | Found Eliwk's Book Shoppe.
  4363 | D:6      | Noticed Pikel
  4397 | D:6      | Killed Pikel
  4439 | D:6      | Found a radiant altar of Vehumet.
  4470 | D:6      | Found a staircase to the Ecumenical Temple.
  4516 | Temple   | Entered the Ecumenical Temple
  4809 | D:6      | Noticed a hornet
  4815 | D:6      | Killed a hornet
  5078 | D:6      | Reached skill level 10 in Maces & Flails
  5141 | D:6      | Got a shimmering ring mail
  5160 | D:6      | Identified the +3 ring mail of the Spider Nest {Dex+4} (You found it on level 6 of the Dungeon)
  5555 | D:5      | Entered Level 5 of the Dungeon
  5855 | D:5      | Reached XP level 10. HP: 62/65 MP: 10/10
  6430 | D:4      | Noticed Natasha
  6438 | D:4      | Killed Natasha
  6555 | D:4      | Noticed Natasha
  6563 | D:4      | Killed Natasha
  6688 | D:4      | Noticed Crazy Yiuf
  6692 | D:4      | Killed Crazy Yiuf
  6859 | D:7      | Reached skill level 5 in Armour
  7181 | D:8      | Noticed Erica
  7190 | D:8      | Killed Erica
  7195 | D:8      | Reached skill level 5 in Dodging
  7262 | D:8      | Found an iron altar of Okawaru.
  7361 | D:8      | Noticed a two-headed ogre
  7370 | D:8      | Killed a two-headed ogre
  7370 | D:8      | Reached skill level 10 in Fighting
  7416 | D:8      | Found a staircase to the Lair.
  7509 | D:8      | Got a shimmering whip
  7510 | D:8      | Identified the +2 whip "Waidest" {flame, rPois rF+ rN++ Dex+2} (You found it on level 8 of the Dungeon)
  7568 | D:8      | Got a heavily runed copper ring
  7744 | D:8      | Reached XP level 11. HP: 71/72 MP: 11/11
  8103 | D:8      | Found a shattered altar of Ashenzari.
  8736 | D:9      | Found Gumass's Assorted Antiques.
  8741 | D:9      | Identified the ring "Qoghoev" {Fire Str-5 Int+6 Dex+4} (You found it on level 8 of the Dungeon)
  9218 | D:8      | Found a sparkling altar of Nemelex Xobeh.
  9224 | D:8      | Became a worshipper of Warmaster Okawaru
  9253 | D:10     | Entered Level 10 of the Dungeon
  9334 | D:10     | Noticed a seven-headed hydra
  9351 | D:10     | Killed a seven-headed hydra
  9351 | D:10     | Reached * piety under Okawaru
  9351 | D:10     | Reached skill level 1 in Invocations
  9429 | D:10     | Noticed Nergalle
  9481 | D:10     | Killed Nergalle
  9492 | D:10     | Got a translucent mace
  9494 | D:10     | Identified the +6 mace "Hakhunif" {protect, rF+ Dex+2} (You found it on level 10 of the Dungeon)
  9721 | D:10     | Noticed a two-headed ogre
  9736 | D:10     | Killed a two-headed ogre
  9736 | D:10     | Reached ** piety under Okawaru
  9792 | D:10     | Found Assoesow's Food Shoppe.
  9969 | D:10     | Found a staircase to the Orcish Mines.
 10180 | D:11     | Noticed a two-headed ogre
 10189 | D:11     | Killed a two-headed ogre
 10219 | D:11     | Noticed an eight-headed hydra
 10250 | D:11     | Killed an eight-headed hydra
 10272 | D:11     | Reached XP level 12. HP: 33/80 MP: 6/14
 10586 | D:11     | Reached *** piety under Okawaru
 11449 | D:12     | Reached **** piety under Okawaru
 11495 | D:12     | Reached skill level 5 in Invocations
 11565 | D:12     | Found a snail-covered altar of Cheibriados.
 11998 | D:13     | Noticed a centaur warrior
 12014 | D:13     | Killed a centaur warrior
 12609 | D:13     | Noticed a centaur warrior
 12621 | D:13     | Killed a centaur warrior
 12621 | D:13     | Received a gift from Okawaru
 13184 | D:13     | Reached ***** piety under Okawaru
 13208 | D:13     | Reached skill level 10 in Armour
 13208 | D:13     | Reached XP level 13. HP: 70/86 MP: 16/16
 13438 | D:14     | Received a gift from Okawaru
 13486 | D:14     | Found a gate to the Vaults.
 13486 | D:14     | Noticed a vault guard
 13507 | D:14     | Killed a vault guard
 14409 | Lair:1   | Entered Level 1 of the Lair of Beasts
 15140 | Lair:2   | Found a frozen archway.
 15291 | IceCv    | Entered an ice cave
 15622 | IceCv    | Killed a reaper
 15623 | IceCv    | Reached skill level 5 in Shields
 16218 | Lair:2   | Noticed p0werm0de's ghost (novice OpEn)
 16248 | Lair:2   | Killed p0werm0de's ghost
 16362 | Lair:2   | Noticed Sonja
 16376 | Lair:2   | Killed Sonja
 16376 | Lair:2   | Gained mutation: Your large and strong wings let you fly indefinitely. [Gargoyle growth]
 16376 | Lair:2   | Reached XP level 14. HP: 94/94 MP: 17/19
 16711 | Lair:2   | Found a hole to the Spider Nest.
 16991 | Orc:1    | Entered Level 1 of the Orcish Mines
 17111 | Orc:2    | Entered Level 2 of the Orcish Mines
 17154 | Orc:2    | Received a gift from Okawaru
 17194 | Orc:2    | Found Saejosk's General Store.
 17250 | Orc:2    | Found Yveidgh's Antique Armour Boutique.
 17495 | Orc:2    | Noticed an orc warlord
 17495 | Orc:2    | Found Doetarid's Antique Weapon Boutique.
 17800 | Orc:1    | Killed an orc warlord
 17826 | Orc:1    | Reached ****** piety under Okawaru
 18335 | Orc:2    | Found a staircase to the Elven Halls.
 18423 | Orc:2    | Found Googishry's Jewellery Emporium.
 18448 | Orc:2    | Received a gift from Okawaru
 18449 | Orc:2    | Got a bronze ring mail {god gift}
 18469 | Orc:2    | Identified the +1 ring mail of Purpose {MR+ Str+6 Int+3} (Okawaru gifted it to you on level 2 of the Orcish Mines)
 19783 | Lair:4   | Reached skill level 1 in Evocations
 20285 | Lair:4   | Found a staircase to the Shoals.
 20908 | Lair:5   | Found a viscous altar of Jiyva.
 20908 | Lair:5   | Found a staircase to the Slime Pits.
 21211 | Lair:5   | Found a hazy altar of Hepliaklqana.
 21680 | Lair:6   | Entered Level 6 of the Lair of Beasts
 21814 | Lair:6   | Reached XP level 15. HP: 100/100 MP: 21/21
 21909 | Lair:6   | Received a gift from Okawaru
 21997 | Lair:6   | Got a polished ring mail
 22008 | Lair:6   | Identified the +2 ring mail of Hairiness {rCorr Int+2} (You found it on level 6 of the Lair of Beasts)
 22130 | Lair:6   | Found a burning altar of Makhleb.
 22233 | Lair:6   | Found a gateway to Hell.
 22482 | Lair:6   | Received a gift from Okawaru
 23487 | Hell     | Entered the Vestibule of Hell
 23487 | Hell     | Noticed Geryon
 23526 | Lair:6   | Slain by a lorocyproca

Skill      XL: |  1  2  3  4  5  6  7  8  9 10 11 12 13 14 15 |
---------------+----------------------------------------------+-----
Maces & Flails | 3 4 5 7 8 10 11 12 13 14 | 14.5
Fighting       | 4 5 6 7 8 10 11 12 13 14 | 14.2
Dodging        | 2 3 5 6 7 8 9 |  9.2
Armour         | 4 6 8 10 11 12 | 12.7
Invocations    | 3 5 6 8 |  8.3
Shields        | 5 7 8 |  8.6
Evocations     | 2 4 |  4.2

Action                   |  1- 3 |  4- 6 |  7- 9 | 10-12 | 13-15 || total
-------------------------+-------+-------+-------+-------+-------++-------
Melee: Flail             |   155 |   130 |       |       |       ||   285
       Morningstar       |       |   185 |   324 |   230 |       ||   739
       Whip              |       |       |       |   307 |       ||   307
       Mace              |       |       |       |   591 |  2118 ||  2709
Invok: Heroism           |       |       |       |     1 |     3 ||     4
 Abil: Fly               |       |       |       |       |     1 ||     1
  Use: Scroll            |       |       |    12 |    10 |     4 ||    26
       Potion            |       |       |       |     2 |       ||     2
 Stab: Confused          |       |       |       |       |     6 ||     6
       Petrified         |       |       |       |       |     3 ||     3
  Eat: Chunk             |     1 |     6 |    11 |    28 |    31 ||    77
       Ration            |       |       |       |       |     3 ||     3
Armor: Scale mail        |    69 |   187 |   236 |       |       ||   492
       Skin              |       |     1 |       |       |       ||     1
       Ring mail         |       |       |    35 |   480 |   455 ||   970
       Crystal plate arm |       |       |       |       |   182 ||   182
Dodge: Dodged            |    50 |   119 |   171 |   531 |   819 ||  1690
Block: Shield            |   103 |   190 |   213 |   507 |    44 ||  1057
       Reflection        |       |       |       |     3 |    18 ||    21
       Large shield      |       |       |       |       |  1982 ||  1982
